 Dungeon Crawl Stone Soup version 0.30-a0-222-ge547ba4400 (webtiles) character file.

Game seed: 4134265469643519462

10320 Aibolit the Carver (level 11, -3/84 HPs)
             Began as a Human Fighter on Oct 9, 2022.
             Was a High Priest of Okawaru.
             Slain by a two-headed ogre
             ... wielding a +0 giant club
              (7 damage)
             ... on level 9 of the Dungeon.
             The game lasted 00:31:24 (12433 turns).

Aibolit the Carver (Human Fighter)                 Turns: 12433, Time: 00:31:24

Health: -3/84      AC: 19    Str: 20    XL:     11   Next: 90%
Magic:  0/20       EV:  6    Int:  9    God:    Okawaru [*****.]
Gold:   394        SH:  7    Dex: 13    Spells: 10/10 levels left

rFire   . . .      SeeInvis .    E - +4 scimitar (flame)
rCold   + . .      Faith    .    e - +2 buckler {AC+3}
rNeg    . . .      Spirit   +    j - +0 plate armour
rPois   .          Reflect  .    (no helmet)
rElec   .          Harm     .    (no cloak)
rCorr   .          Rampage  .    d - +0 pair of gloves
Will    .....                    m - +0 pair of boots
Stlth   ..........               y - amulet of guardian spirit
HPRegen 0.34/turn                h - ring of protection from cold
MPRegen 0.17/turn                A - ring of magical power

@: on berserk cooldown, slowed, very slow
A: no striking features
a: Renounce Religion, Heroism, Finesse, Duel


You were on level 9 of the Dungeon.
You worshipped Okawaru.
Okawaru was extremely pleased with you.
You visited 2 branches of the dungeon, and saw 10 of its levels.

You collected 394 gold pieces.

Inventory:

Hand Weapons
 E - a +4 scimitar of flaming (weapon)
Missiles
 F - a throwing net
Armour
 d - a +0 pair of gloves (worn)
 e - a +2 buckler of protection (worn)
 j - a +0 plate armour (worn)
 m - a +0 pair of boots (worn)
 D - a +0 cloak
Jewellery
 h - a ring of protection from cold (left hand)
 y - an amulet of guardian spirit (around neck)
 A - a ring of magical power (right hand)
Wands
 v - a wand of quicksilver (8)
 G - a wand of roots (4)
Scrolls
 b - 4 scrolls of magic mapping
 g - a scroll of silence {unknown}
 i - 3 scrolls of immolation
 l - 2 scrolls of teleportation
 o - 3 scrolls of noise
 t - a scroll of identify
 w - a scroll of enchant weapon {unknown}
 B - a scroll of vulnerability {unknown}
 C - 2 scrolls of enchant armour {unknown}
Potions
 a - a potion of mutation {unknown}
 c - a potion of lignification {unknown}
 k - 3 potions of heal wounds {unknown}
 n - 4 potions of cancellation {unknown}
 p - a potion of invisibility {unknown}
 r - 3 potions of brilliance
 s - a potion of resistance {unknown}
 x - 2 potions of attraction {unknown}
 z - 2 potions of degeneration


   Skills:
 + Level 7.1 Fighting
 - Level 6.4(9.9) Short Blades
 * Level 11.7(12.3) Long Blades
 + Level 8.5 Armour
 + Level 1.7 Dodging
 + Level 6.9 Shields
 + Level 1.0 Invocations
 + Level 1.3 Evocations


You had 10 spell levels left.
You didn't know any spells.
Your spell library contained the following spells:

 Spells                   Type           Power      Damage    Failure   Level
 Static Discharge         Conj/Air       0%         2-2/arc   100%        2
 Gell's Gravitas          Tloc           0%         N/A       100%        3
 Ozocubu's Armour         Ice            0%         N/A       100%        3
 Teleport Other           Tloc           0%         N/A       100%        3
 Vhi's Electric Charge    Tloc/Air       0%         N/A       100%        3
 Airstrike                Air            0%         2d(0-16)  100%        4
 Passage of Golubria      Tloc           0%         N/A       100%        4
 Arcjolt                  Conj/Air       0%         1d10      100%        5
 Lightning Bolt           Conj/Air       0%         1d11      100%        5
 Silence                  Hex/Air        0%         N/A       100%        5
 Yara's Violent Unravell  Hex/Tmut       0%         3d3       100%        5
 Dispersal                Tloc           0%         N/A       100%        6
 Enfeeble                 Hex            0%         N/A       100%        7
 Ozocubu's Refrigeration  Ice            0%         4d7       100%        7
 Lehudib's Crystal Spear  Conj/Erth      0%         10d2      100%        8
 Summon Lightning Spire   Summ/Air       Unusable   N/A       N/A         4

Dungeon Overview and Level Annotations

Branches:
Dungeon (9/15)             Temple (1/1) D:6
   Lair: D:8-11         Orc: D:9-12

Altars:
Ashenzari
Dithmenos
Elyvilon
Fedhas
Gozag
Hepliaklqana
Makhleb
Okawaru
Ru
Sif Muna
Uskayaw
Wu Jian
Xom

Shops:
D:6 [   D:7 (

Annotations:
D:3 Ijyb


Message History

You slice something!! You burn something.
A wyvern comes into view.
Something hits you.
Something steals your ring of see invisible!
The wyvern hisses angrily.
You slash something! You burn something. Okawaru accepts your kill.
Reactivating autopickup.
You feel a bit more experienced.
You hit the wyvern. You burn the wyvern.
The wyvern is moderately wounded.
You feel like a meek peon again.
You are too injured to fight recklessly!
You slash the wyvern! You burn the wyvern!
You kill the wyvern!
Okawaru accepts your kill.
You are too injured to fight recklessly!
You are no longer berserk.
You are exhausted.
You feel yourself slow down.
The two-headed ogre hits you with a +0 giant club!
* * * LOW HITPOINT WARNING * * *
The two-headed ogre hits you with a +0 giant spiked club.
* * * LOW HITPOINT WARNING * * *
Items here: ! $ ( ) / = [[ †.
You are too injured to fight recklessly!
You barely miss the two-headed ogre. You hit the two-headed ogre.
You burn the two-headed ogre.
The two-headed ogre is lightly wounded.
The two-headed ogre hits you with a +0 giant club!
* * * LOW HITPOINT WARNING * * *
The two-headed ogre hits you but does no damage.
You hit the two-headed ogre. You burn the two-headed ogre.
The two-headed ogre is moderately wounded.
The two-headed ogre hits you but does no damage.
You block the two-headed ogre's attack.
You slash the two-headed ogre! You burn the two-headed ogre.
The two-headed ogre is heavily wounded.
The two-headed ogre hits you with a +0 giant club!
You die...

#..........#####
#..........'....
#..........#####
#.#####....# #.#
#....##### #.#
#........#
######.#####........#
#<)).#.....#........#
####@#####.#'########
#O# #..........# #u#
#..........# #y#
#..........# #l#
#..........# #.#
#..........# #.#
#..........# #.#
#..........# #.#
#..........#


You could see a red ugly thing, a two-headed ogre, a wyvern and a killer bee.

Vanquished Creatures
  Harold (D:9)
  Erica (D:9)
  A centaur warrior (D:9)
  A boulder beetle (D:7)
  Pikel (D:4)
  A cyclops (D:7)
  Maurice (D:9)
  A troll (D:9)
  Prince Ribbit (D:8)
  3 hornets
  Eustachio (D:5)
  6 yaks (D:6)
  Grum (D:9)
  2 wyverns
  A vampire mosquito (D:7)
  A water moccasin (D:6)
  2 orc warriors
  A sky beast (D:7)
  2 ice beasts
  2 ogres
  2 black bears
  2 wolves (D:9)
  3 centaurs
  2 lemures (D:4)
  6 kobold brigands
  2 bullfrogs
  2 necrophages
  2 scorpions
  3 wights (D:7)
  A wyvern skeleton (D:5)
  A water moccasin skeleton (D:5)
  6 killer bees (D:7)
  2 howler monkeys (D:9)
  A bullfrog zombie (D:5)
  A centaur zombie (D:5)
  2 jellies
  8 hounds
  2 orc priests
  A bullfrog skeleton (D:5)
  A gnoll bouda (D:7)
  2 centaur skeletons (D:5)
  5 iguanas
  A scorpion zombie (D:5)
  11 orc wizards
  Terence (D:2)
  21 gnolls
  10 adders
  2 shadow imps (D:8)
  4 white imps
  2 ufetubi
  An adder skeleton (D:5)
  A worm (D:2)
  5 dart slugs
  34 orcs
  8 bats
  7 endoplasms
  3 giant cockroaches
  9 goblins
  4 hobgoblins
  30 kobolds
  3 quokkas
  3 ball pythons
  3 frilled lizards
  7 rats
258 creatures vanquished.

Vanquished Creatures (others)
  An orc wizard (D:8)
1 creature vanquished.

Grand Total: 259 creatures vanquished

Notes
Turn   | Place    | Note
-------+----------+-------------------------------------------
     0 | D:1      | Aibolit the Human Fighter began the quest for the Orb.
     0 | D:1      | Reached XP level 1. HP: 18/18 MP: 1/1
    70 | D:1      | Reached XP level 2. HP: 24/24 MP: 2/2
   575 | D:1      | Reached XP level 3. HP: 28/29 MP: 3/3
  1166 | D:2      | Reached XP level 4. HP: 4/35 MP: 4/4
  1170 | D:2      | Reached skill level 1 in Short Blades
  1884 | D:2      | Reached XP level 5. HP: 40/41 MP: 5/5
  1910 | D:2      | Noticed Terence
  1938 | D:2      | Killed Terence
  2335 | D:3      | Found a faded altar of an unknown god.
  2428 | D:3      | Reached XP level 6. HP: 14/48 MP: 6/6
  2885 | D:3      | Noticed Ijyb
  2915 | D:3      | HP: 2/48 [Ijyb/+0 club (7)]
  3865 | D:4      | Noticed a black bear
  3867 | D:4      | Killed a black bear
  3868 | D:4      | Reached XP level 7. HP: 51/54 MP: 7/7
  4283 | D:5      | Entered Level 5 of the Dungeon
  4554 | D:4      | Reached skill level 1 in Dodging
  5172 | D:5      | Noticed Pikel
  5482 | D:4      | Killed Pikel
  5483 | D:4      | Reached skill level 5 in Short Blades
  5483 | D:4      | Reached skill level 5 in Armour
  5483 | D:4      | Reached XP level 8. HP: 61/61 MP: 8/8
  6236 | D:5      | Reached XP level 9. HP: 62/67 MP: 9/9
  6239 | D:5      | Reached skill level 5 in Fighting
  6286 | D:5      | Reached skill level 3 in Long Blades
  6623 | D:5      | Reached skill level 4 in Long Blades
  6706 | D:5      | Noticed Eustachio
  6713 | D:5      | Killed Eustachio
  7069 | D:6      | Reached skill level 5 in Long Blades
  7069 | D:6      | Reached skill level 5 in Shields
  7214 | D:6      | Found Eplom's Antique Armour Shoppe.
  7261 | D:6      | Found a staircase to the Ecumenical Temple.
  7269 | Temple   | Entered the Ecumenical Temple
  7413 | Temple   | Became a worshipper of Warmaster Okawaru
  7439 | D:6      | Identified the +9 short sword "Hukoup" {distort, Fly rF-
                  | rC+}
  7463 | D:6      | Identified a scroll of acquirement
  7464 | D:6      | Acquired a +2 buckler of protection
  7512 | D:6      | Reached * piety under Okawaru
  7513 | D:6      | Reached skill level 6 in Long Blades
  7515 | D:6      | Reached XP level 10. HP: 39/74 MP: 6/10
  7785 | D:6      | Reached ** piety under Okawaru
  7786 | D:6      | Reached skill level 7 in Long Blades
  8671 | D:7      | Found Vimoog's Antique Weapon Shop.
  8791 | D:7      | Reached skill level 8 in Long Blades
  9635 | D:7      | Reached skill level 9 in Long Blades
  9665 | D:7      | Reached *** piety under Okawaru
  9761 | D:7      | Paralysed by a hornet for 2 turns
  9974 | D:7      | Identified the +1 robe of Perfidy {-Tele MP+9 Int+3}
 10081 | D:7      | Found a shimmering blue altar of Sif Muna.
 10336 | D:7      | Noticed a cyclops
 10336 | D:7      | Noticed a boulder beetle
 10619 | D:7      | Killed a boulder beetle
 10620 | D:7      | Reached skill level 10 in Long Blades
 10620 | D:7      | Reached XP level 11. HP: 65/81 MP: 11/11
 10838 | D:7      | Killed a cyclops
 10838 | D:7      | Reached **** piety under Okawaru
 10839 | D:7      | Reached skill level 1 in Evocations
 10943 | D:8      | Noticed Prince Ribbit
 10975 | D:8      | Killed Prince Ribbit
 11684 | D:9      | Noticed Grum
 11719 | D:9      | Killed Grum
 11930 | D:9      | Noticed Erica
 11960 | D:9      | Killed Erica
 11961 | D:9      | Reached skill level 11 in Long Blades
 12206 | D:9      | Noticed Harold
 12234 | D:9      | Killed Harold
 12234 | D:9      | Reached ***** piety under Okawaru
 12254 | D:9      | Noticed a centaur warrior
 12254 | D:9      | Noticed Maurice
 12278 | D:9      | HP: 4/83 [poisoned by a kobold brigand]
 12418 | D:9      | Killed a centaur warrior
 12419 | D:9      | Reached skill level 1 in Invocations
 12419 | D:9      | Noticed a red ugly thing
 12419 | D:9      | Noticed a two-headed ogre
 12426 | D:9      | Killed Maurice
 12431 | D:9      | HP: 3/84 [two-headed ogre/+0 giant club (10)]
 12433 | D:9      | Slain by a two-headed ogre

Illustrated notes

Levels and vault maps discovered:
D:1:      wander_arrival_chamber, layout_basic, minmay_curled_crystal
D:2:      cheibrodos_helix_gallery, layout_loops_ring,
          kennysheep_generic_room_10, uniq_terence
D:3:      layout_rooms, hellmonk_ecumenical_altar_slurped_away, serial_curves,
          eino_curves_04, eino_curves_01, minmay_quantized,
          uniq_crazy_yiuf_cottage, uniq_ijyb
D:4:      layout_basic, minivault_11, hangedman_abyss_or_decor_stagger
D:5:      layout_loops_ring, serial_undead, serial_undead_d, serial_undead_e,
          serial_undead_a, serial_undead_e, serial_undead_b, serial_undead_a,
          minmay_misc_feat_tower, grunt_ministairs_15, st_stairs_7,
          uniq_eustachio, uniq_pikel
D:6:      layout_loops_ring, temple_fountains, serial_shops, nicolae_shop_stone,
          hangedman_decor_riveting
D:7:      nzn_winding_woodlands_three_and_one
          [nzn_winding_woodlands_5x15_default,
          nzn_winding_woodlands_5x15_concentric,
          nzn_winding_woodlands_5x15_sawtooth,
          nzn_winding_woodlands_center_lodge], layout_loops_ring,
          general_overflow_altar, serial_shops, shop
D:8:      minmay_bloctagon_deflated, layout_loops_ring, uniq_prince_ribbit1
D:9:      minmay_ornate_pinched, layout_basic, uniq_maurice, uniq_harold,
          uniq_erica, uniq_grum
Temple:   roderic_octagonal_lattice_temple

Skill      XL: |  1  2  3  4  5  6  7  8  9 10 11 |
---------------+----------------------------------+-----
Short Blades   | 1 2 3 5 6 |  6.4
Fighting       | 4 5 6 7 |  7.1
Armour         | 4 5 6 7 8 |  8.5
Dodging        | 1 |  1.7
Shields        | 4 5 6 |  6.9
Long Blades    | 6 10 11 | 11.7
Evocations     | 1 |  1.3
Invocations    | 1 |  1.0

Action                   |  1- 3 |  4- 6 |  7- 9 | 10-12 || total
-------------------------+-------+-------+-------+-------++-------
Melee: Long sword        |    66 |       |       |       ||    66
       Dagger            |    38 |   315 |   412 |       ||   765
       Falchion          |       |       |   120 |   545 ||   665
       Scimitar          |       |       |       |    46 ||    46
Invok: Heroism           |       |       |       |    12 ||    12
Evoke: Wand              |       |     2 |    12 |    13 ||    27
  Use: Potion            |     1 |     2 |     3 |     4 ||    10
       Scroll            |       |     5 |     5 |     2 ||    12
Armor: Scale mail        |    39 |       |       |       ||    39
       Plate armour      |    22 |   181 |   365 |   316 ||   884
Dodge: Dodged            |    36 |    65 |   120 |   112 ||   333
Block: Buckler           |    24 |    60 |   116 |   186 ||   386

Table legend: (Time is in decaauts)
 A = Elapsed time spent in this place.
 B = Non-inter-level travel time spent in this place.
 C = Inter-level travel time spent in this place.
 D = Time resting spent in this place.
 E = Time spent auto-exploring this place.
 F = Levels seen in this place.
 G = Mean time per level.
                   A        B        C        D        E       F      G
               +--------+--------+--------+--------+--------+-----+--------+
         Total |  12209 |  10787 |   1422 |   3822 |   4249 |  10 | 1220.9 |
       Dungeon |  12047 |  10646 |   1401 |   3822 |   4123 |   9 | 1338.6 |
        Temple |    162 |    141 |     21 |      0 |    126 |   1 |  162.0 |
               +--------+--------+--------+--------+--------+-----+--------+

Top non-repeatable levels by time:
     D:7: 2540 daAuts
     D:4: 1980 daAuts
     D:6: 1403 daAuts
     D:5: 1284 daAuts
     D:2: 1225 daAuts
     D:3: 1206 daAuts
     D:1: 1079 daAuts
     D:8: 690 daAuts
     D:9: 636 daAuts
  Temple: 162 daAuts
